 Dungeon Crawl Stone Soup version 0.30-a0-777-ga9a30cbeda (webtiles) character file.

Game seed: 12415497666850533428

5 Esekla the Sneak (level 1, -1/11 HPs)
             Began as a Vine Stalker Delver on Feb 14, 2023.
             Succumbed to a water moccasin's poison
             ... on level 5 of the Dungeon.
             The game lasted 00:04:21 (328 turns).

Esekla the Sneak (Vine Stalker Delver)               Turns: 328, Time: 00:04:22

Health: -1/11      AC:  3    Str: 14    XL:     1   Next: 80%
Magic:  2/2        EV: 11    Int: 10    God:
Gold:   33         SH:  0    Dex: 15    Spells: 0/0 levels left

rFire   . . .      SeeInvis .    a - +5 long sword "Zasav" {spect, rElec rC+}
rCold   + . .      Faith    .    (no shield)
rNeg    . . .      Spirit   +    b - +0 leather armour
rPois   .          Reflect  .    (no helmet)
rElec   +          Harm     .    (no cloak)
rCorr   .          Rampage  .    (no gloves)
Will    .....                    (no boots)
Stlth   +                        (no amulet)
HPRegen 0.21/turn                (no ring)
MPRegen 0.08/turn                (no ring)

@: confused, lethally poisoned (-1 -> -15), ambrosia-drunk
A: fangs 2, magic shield, antimagic bite, no potion heal 2
a: no special abilities


You were on level 5 of the Dungeon.
You visited 1 branch of the dungeon, and saw 2 of its levels.

You collected 33 gold pieces.

Inventory:

Hand Weapons
 a - the +5 long sword "Zasav" (weapon) {spect, rElec rC+}
   (You found it on level 5 of the Dungeon)

   rC:        It protects you from cold.
   rElec:     It insulates you from electricity.
Armour
 b - a +0 leather armour (worn)
Wands
 g - a wand of digging (3)
Scrolls
 c - a scroll of fog
 d - a scroll of enchant weapon {unknown}
 e - a scroll of fear
Potions
 f - 2 potions of haste


   Skills:
 * Level 2.8 Fighting
 * Level 1.7 Long Blades
 + Level 1.5 Dodging
 + Level 6.2 Stealth
 * Level 0.4 Spellcasting


You couldn't memorise any spells.
You didn't know any spells.
Your spell library was empty.

Dungeon Overview and Level Annotations

Branches:
Dungeon (5/15)
 Temple: D:4-7

Altars:

Shops:
D:5 *![[


Innate Abilities, Weirdness & Mutations

You have extremely sharp teeth.
When hurt, damage is shared between your health and your magic reserves.
Your bite disrupts and absorbs the magic of your enemies.
Potions cannot restore your health.


Message History

f - 2 potions of haste (gained 1)
A jackal comes into view.
Found a stone staircase leading up.
There is a stone staircase leading up here.
The jackal barks!
You hit the jackal.
The jackal is heavily wounded.
Your +5 long sword "Zasav" {spect, rElec rC+} hits the jackal!
You kill the jackal!
You hear a bark!
A jackal comes into view.
The jackal barks!
The jackal bites you.
You closely miss the jackal.
Your +5 long sword "Zasav" {spect, rElec rC+} hits the jackal!!
You kill the jackal!
A water moccasin comes into view.
An ogre comes into view. It is wielding a +0 giant club.
The water moccasin hisses angrily.
You slash the jackal!
You kill the jackal!
You hit the water moccasin. You bite the water moccasin. You drain its power.
The water moccasin is lightly wounded.
The water moccasin bites you.
Found a lumpy grey potion and 11 gold pieces.
The water moccasin bites you.
The water moccasin attacks as you move away!
The water moccasin barely misses you.
You closely miss the water moccasin. Your bite misses the water moccasin.
The water moccasin is lightly wounded.
Your +5 long sword "Zasav" {spect, rElec rC+} closely misses the water moccasin.
The water moccasin bites you. x2
* * * LOW HITPOINT WARNING * * *
You are lethally poisoned!
The water moccasin poisons you!
Okay, then.
It was a potion of ambrosia.
You are confused.
Your system rejects the healing.
You feel invigorated.
You die...

,,,********,**,..*,*,*####
#...
**,********,#**#.#,*,,,..#
#.##
,,,,,,,,,,,,,$,#.#,#####.#
#...
,,,*********,#.#.#.#....S###
#### ,,,* *,#.#.#......h..#
#... ,,,* *,*..!....##<.#.#
#.#. ,,,* #.###.#######.#.#
#.#. ,,,*
#....§S.......#.###.#. ,,,*
#####@#########.....#. ****
#...............#.
##############.### #.# #.#
#.# #.# #.# #.###


You could see a water moccasin.

Vanquished Creatures
  4 jackals (D:5)
4 creatures vanquished.

Notes
Turn   | Place    | Note
-------+----------+-------------------------------------------
     0 | D:5      | Esekla the Vine Stalker Delver began the quest for the Orb.
     0 | D:5      | Reached XP level 1. HP: 11/11 MP: 2/2
    10 | D:5      | Noticed a hound
    37 | D:5      | Noticed a kobold brigand
    45 | D:5      | Found Ocor Foni's Distillery.
    45 | D:5      | Noticed an ogre
    61 | D:5      | Found Cudahak's Assorted Antiques.
   169 | D:5      | Found Laghig's Armour Shop.
   225 | D:5      | Found Ogiennut's Antique Armour Boutique.
   242 | D:5      | Noticed an iguana
   254 | D:5      | Identified the +5 long sword "Zasav" {spect, rElec rC+}
   264 | D:4      | Noticed an orc priest
   316 | D:5      | Noticed a water moccasin
   317 | D:5      | Noticed an ogre
   328 | D:5      | Succumbed to a water moccasin's poison

Illustrated notes

Levels and vault maps discovered:
D:4:      layout_rooms, minmay_mini_ossuary
D:5:      layout_basic, serial_shops, nicolae_shop_behind_doors, shop_statue,
          shop, nicolae_square_shop

Action                     || total
---------------------------++-------
  Melee: Falchion          ||     5
         Long sword        ||     5
         Bite              ||     3
    Use: Scroll            ||     1
         Potion            ||     1
  Dodge: Dodged            ||     4

Table legend: (Time is in decaauts)
 A = Elapsed time spent in this place.
 B = Non-inter-level travel time spent in this place.
 C = Inter-level travel time spent in this place.
 D = Time resting spent in this place.
 E = Time spent auto-exploring this place.
 F = Levels seen in this place.
 G = Mean time per level.
                   A        B        C        D        E       F      G
               +--------+--------+--------+--------+--------+-----+--------+
         Total |    330 |    330 |      0 |     12 |      0 |   2 |  165.0 |
       Dungeon |    330 |    330 |      0 |     12 |      0 |   2 |  165.0 |
               +--------+--------+--------+--------+--------+-----+--------+

Top non-repeatable levels by time:
     D:5: 328 daAuts
     D:4: 1 daAuts
